 Dungeon Crawl Stone Soup version 0.21.0-3-g78d12a8 (webtiles) character file.

25 AverageBear the Ducker (level 2, 0/22 HPs)
             Began as a Demonspawn Gladiator on Jan 13, 2018.
             Succumbed to an adder's poison
             ... on level 2 of the Dungeon.
             The game lasted 00:00:44 (746 turns).

AverageBear the Ducker (Demonspawn Gladiator)        Turns: 746, Time: 00:00:44

Health: 0/22       AC:  4    Str: 14    XL:     2   Next: 82%
Magic:  2/2        EV: 11    Int:  9    God:
Gold:   113        SH:  0    Dex: 14    Spells: 1/1 levels left

rFire    + . .     SeeInvis .   a - +0 long sword
rCold    . . .     Gourm    .   (no shield)
rNeg     . . .     Faith    +   b - +0 leather armour
rPois    .         Spirit   .   c - +0 helmet
rElec    .         Reflect  .   (no cloak)
rCorr    .         Harm     .   (no gloves)
MR       .....                  (no boots)
Stlth    +.........             n - amulet of faith
HPRegen  0.07/turn              m - ring of protection from fire
MPRegen  0.08/turn              (no ring)

@: lethally poisoned (0 -> -11), heavily drained
A: hooves 1
a: no special abilities


You were on level 2 of the Dungeon.
You were not hungry.

You visited 1 branch of the dungeon, and saw 2 of its levels.

You collected 113 gold pieces.

Inventory:

Hand Weapons
 a - a +0 long sword (weapon)
Missiles
 d - 3 throwing nets (quivered)
Armour
 b - a +0 leather armour (worn)
 c - a +0 helmet (worn)
Jewellery
 m - a ring of protection from fire (left hand)
 n - an amulet of faith (around neck)
Scrolls
 i - 3 scrolls of amnesia {unknown}
 j - a scroll of remove curse {unknown}
 l - 2 scrolls of identify {unknown}
 p - a scroll of immolation {unknown}
Potions
 e - 4 potions of heal wounds {unknown}
 g - 2 potions of curing {unknown}
 h - a potion of brilliance {unknown}
 o - a potion of resistance {unknown}
Comestibles
 f - 4 rations
 k - 5 chunks of flesh


   Skills:
 - Level 2.0(0.5) Fighting
 - Level 2.6(1.1) Long Blades
 - Level 1.7(0.3) Throwing
 + Level 2.3(0.8) Armour
 - Level 2.6(1.1) Dodging


You had one spell level left.
You didn't know any spells.

Dungeon Overview and Level Annotations

Branches:
Dungeon (2/15)

Altars:


Innate Abilities, Weirdness & Mutations

You have large cloven feet.


Message History

You are too injured to fight recklessly!
You are too injured to fight recklessly!
You feel sick. The adder barely misses you. The adder closely misses you.
You feel sick. The adder bites you.
You feel sick. The adder bites you.
* * * LOW HITPOINT WARNING * * *
* * * LOW HITPOINT WARNING * * *
You feel sick.
* * * LOW HITPOINT WARNING * * *
You feel sick. The adder misses you.
* * * LOW HITPOINT WARNING * * *
You feel sick. The adder bites you.
* * * LOW HITPOINT WARNING * * *
You are more poisoned.
The adder poisons you!
* * * LOW HITPOINT WARNING * * *
You feel sick. The adder barely misses you.
You riposte.
You hit the adder.
The adder is severely wounded.
You die...

... ..#.#..#....#............
...####.#.#..#....##.#.#.<....#
.......#.#..#.......#.#.####.#
####....#.#...#...####.#.####.#
............................#.#
#.#....#.#.#..##.######.##.#..
#....#.#.##...........##.#..
#....#.#....##.#########.##.
#....#.####@.#.# #....
######..###.........# #####
........#.....###SS.#
#####.........# ##..#
##.........# #..#
.............# #..#
.............####..####
.....#.##..........>...#
....... #..............#


You could see 2 adders.

Vanquished Creatures
  2 dart slugs (D:1)
  2 leopard geckos (D:2)
  A giant cockroach (D:1)
  4 goblins (D:1)
  2 hobgoblins (D:1)
  4 frilled lizards (D:1)
  3 kobolds (D:1)
  A rat (D:1)
19 creatures vanquished.

Notes
Turn   | Place    | Note
-------+----------+-------------------------------------------
     0 | D:1      | AverageBear the Demonspawn Gladiator began the quest for the Orb.
     0 | D:1      | Reached XP level 1. HP: 16/16 MP: 1/1
   104 | D:1      | Reached skill level 1 in Armour
   177 | D:1      | Gained mutation: You have large cloven feet. [demonic ancestry]
   177 | D:1      | Reached XP level 2. HP: 22/22 MP: 2/2
   745 | D:2      | HP: 1/22 [poisoned by an adder]
   746 | D:2      | Succumbed to an adder's poison

Skill      XL: |  1  2 |
---------------+-------+-----
Armour         | 1 2 |  2.3
Fighting       | |  2.0
Long Blades    | |  2.6
Throwing       | |  1.7
Dodging        | |  2.6

Action                   || total
-------------------------++-------
Melee: Long sword        ||    37
       Kick              ||     4
Armor: Leather armour    ||    12
Dodge: Dodged            ||    30
       Rpst.: Long sword ||    13
